 Dungeon Crawl Stone Soup version 0.31.0-12-g77e489cdc1 (webtiles) character file.

Game seed: 14156281454283560739

175 Peloso the Covered (level 5, -3/47 HPs)
             Began as a Minotaur Fighter on Feb 17, 2024.
             Slain by an orc
             ... wielding a +0 flail
              (7 damage)
             ... on level 3 of the Dungeon.
             The game lasted 00:03:34 (1669 turns).

Peloso the Covered (Minotaur Fighter)               Turns: 1669, Time: 00:03:35

Health: -3/47      AC: 12    Str: 21    XL:     5   Next: 29%
Magic:  4/4        EV:  6    Int:  5    God:
Gold:   94         SH:  5    Dex: 11    Spells: 4/4 levels left

rFire   . . .        a - +0 long sword
rCold   . . .        d - +0 buckler
rNeg    . . .        c - +0 plate armour
rPois   .            (helmet restricted)
rElec   .            (no cloak)
rCorr   .            (no gloves)
SInv    .            (no boots)
Will    .....        (no amulet) Stlth
                     (no ring)
HPRegen 0.27/turn    (no ring)
MPRegen 0.09/turn

%: no passive effects
@: on berserk cooldown, slowed, very slow
A: horns 2, retaliatory headbutt
a: no special abilities


You were on level 3 of the Dungeon.
You visited 1 branch of the dungeon, and saw 3 of its levels.

You collected 94 gold pieces.

Inventory:

Hand Weapons
 a - a +0 long sword (weapon)
Armour
 b - a +0 scale mail
 c - a +0 plate armour (worn)
 d - a +0 buckler (worn)
Jewellery
 h - a +6 ring of dexterity
 k - a ring of wizardry
Scrolls
 e - a scroll of revelation {unknown}
 i - 5 scrolls of enchant weapon {unknown}
 j - 2 scrolls of identify {unknown}
 l - a scroll of enchant armour {unknown}
Potions
 g - a potion of might
 n - a potion of lignification {unknown}
 o - a potion of attraction {unknown}


   Skills:
 + Level 4.4 Fighting
 + Level 3.7 Long Blades
 + Level 5.1 Armour
 + Level 0.5 Dodging
 + Level 4.7 Shields


You had 4 spell levels left.
You didn't know any spells.
Your spell library contained the following spells:

 Spells                   Type           Power      Damage    Failure   Level
 Foxfire                  Conj/Fire      0%         2x1d4     100%        1
 Plasma Beam              Fire/Air       0%         2x1d10    100%        6
 Starburst                Conj/Fire      0%         6d3       100%        6


Dungeon Overview and Level Annotations

Branches:
Dungeon (3/15)

Altars:

Annotations:
D:2 Sigmund


Innate Abilities, Weirdness & Mutations

You have a pair of horns on your head.
You reflexively headbutt those who attack you in melee.


Message History

The orc wizard casts a spell.
The orc wizard flickers and vanishes!
Deactivating autopickup; reactivate with Ctrl-A.
Something hits you but does no damage.
You miss something. Something hits you.
* * * LOW HITPOINT WARNING * * *
Something hits you.
* * * LOW HITPOINT WARNING * * *
You slash something!
Reactivating autopickup.
You feel a bit more experienced. The quokka barely misses you.
You hit the quokka but do no damage. Your headbutt misses the quokka.
You block the quokka's attack. The quokka bites you.
* * * LOW HITPOINT WARNING * * *
You hit the quokka. Your headbutt misses the quokka.
The quokka is almost dead.
The quokka barely misses you.
The quokka bites you but does no damage.
You closely miss the quokka.
The quokka is almost dead.
You block the quokka's attack.
The quokka bites you but does no damage. x2
You slash the quokka!
You kill the quokka!
You block the orc's attack.
You hit the orc.
The orc is almost dead.
The orc hits you with a +0 flail.
* * * LOW HITPOINT WARNING * * *
The orc hits you with a +0 flail!
* * * LOW HITPOINT WARNING * * *
You closely miss the orc.
The orc is almost dead.
The orc hits you with a +0 flail.
* * * LOW HITPOINT WARNING * * *
The orc barely misses you.
You hit the orc but do no damage.
The orc is almost dead.
The orc barely misses you. The orc hits you with a +0 flail!
You die...

#.............#
###########...#####
#......<..#
#.#######.# #. #.#
. #.# ## #.###
##########...#.###
.....:.@o)†.......
##########...#....
#...# ... #...# ..
#o..# # #...# ##.##
..


You could see an orc.

Vanquished Creatures
  Jessica (D:2)
  Natasha (D:3)
  An orc wizard (D:3)
  3 adders
  2 dart slugs
  2 ribbon worms (D:2)
  An orc (D:3)
  9 endoplasms
  3 giant cockroaches
  4 hobgoblins (D:1)
  5 jackals
  5 quokkas
  2 ball pythons
  A bat (D:1)
  5 frilled lizards
  5 goblins
  6 kobolds
  5 rats
61 creatures vanquished.

Notes
Turn   | Place    | Note
-------+----------+-------------------------------------------
     0 | D:1      | Peloso the Minotaur Fighter began the quest for the Orb.
     0 | D:1      | Reached XP level 1. HP: 19/19 MP: 0/0
    48 | D:1      | Reached skill level 4 in Armour
    53 | D:1      | Reached XP level 2. HP: 19/27 MP: 1/1
   921 | D:1      | Reached XP level 3. HP: 33/33 MP: 2/2
  1111 | D:2      | Noticed Jessica
  1114 | D:2      | Killed Jessica
  1348 | D:2      | Reached XP level 4. HP: 40/40 MP: 3/3
  1535 | D:2      | Noticed Sigmund
  1618 | D:3      | Noticed Natasha
  1641 | D:3      | Killed Natasha
  1642 | D:3      | Reached skill level 5 in Armour
  1642 | D:3      | Reached XP level 5. HP: 9/47 MP: 4/4
  1669 | D:3      | Slain by an orc

Illustrated notes

Levels and vault maps discovered:
D:1:      lemuel_arrival_funnel, layout_basic, minmay_strange_pillars,
          nicolae_hexahallways, chequers_serial_rivers_micro_e, st_stairs_5,
          serial_park_tiny_2, minmay_tall_x
D:2:      minmay_chambers_of_ones, layout_loops_corners, uniq_jessica,
          uniq_sigmund
D:3:      layout_basic, minmay_tree_intersection, uniq_natasha

Skill      XL: |  1  2  3  4 |
---------------+-------------+-----
Armour         | 4 5 |  5.1
Fighting       | 4 |  4.4
Long Blades    | 3 |  3.7
Shields        | 4 |  4.7
Dodging        | |  0.5

Action                     |  1- 3 |  4- 6 || total
---------------------------+-------+-------++-------
  Melee: Long sword        |    69 |    80 ||   149
         Headbutt          |    12 |     9 ||    21
    Use: Potion            |     2 |     3 ||     5
 Armour: Scale mail        |     9 |       ||     9
         Plate armour      |    42 |   122 ||   164
  Dodge: Dodged            |    20 |    35 ||    55
  Block: Buckler           |    16 |    25 ||    41
